 Dungeon Crawl Stone Soup version 0.16-a0-4108-g6e49b0d (webtiles) character file.

151 Fluffy the Slasher (level 5, 0/47 HPs)
             Began as a Minotaur Gladiator on Feb 26, 2015.
             Was a Follower of Qazlal.
             Slain by a jackal (2 damage)
             ... on level 3 of the Dungeon.
             The game lasted 00:06:07 (2182 turns).

Fluffy the Slasher (Minotaur Gladiator)             Turns: 2182, Time: 00:06:07

Health: 0/47       AC:  7    Str: 20    XL:     5   Next: 10%
Magic:  12/12      EV: 12    Int:  5    God:    Qazlal [*.....]
Gold:   66         SH:  1    Dex: 11    Spells: 0 memorised, 4 levels left

rFire  . . .     SeeInvis .     a - +0 long sword
rCold  . . .     Clarity  .     q - +0 ring mail
rNeg   . . .     SustAb   .     (no shield)
rPois  .         Gourm    .     c - +0 hat
rElec  .         Spirit   .     s - +0 cloak
rCorr  .         Warding  .     (no gloves)
rMut   .         Stasis   .     o - +0 pair of boots
MR     .....                    (no amulet)
Stlth  +.........               (no ring)
                                p - ring of magical power

@: not resistant to hostile enchantments, very unstealthy
A: retaliatory headbutt, horns 2
a: Renounce Religion


You were on level 3 of the Dungeon.
You worshipped Qazlal.
Qazlal was aware of your devotion.
You were not hungry.

You visited 1 branch of the dungeon, and saw 3 of its levels.

You collected 66 gold pieces.

Inventory:

Hand weapons
 a - a +0 long sword (weapon)
Missiles
 d - 3 throwing nets (quivered)
 e - 4 tomahawks
Armour
 c - a +0 hat (worn)
 o - a +0 pair of boots (worn)
 q - a +0 ring mail (worn)
 s - a +0 cloak (worn)
Jewellery
 p - a ring of magical power (left hand)
Scrolls
 i - a scroll of fear {unknown}
 j - 3 scrolls of identify {unknown}
 r - a scroll of remove curse {unknown}
Potions
 b - a potion of brilliance {unknown}
 h - a potion of agility {unknown}
 k - a potion of lignification {unknown}
 m - a potion of curing {unknown}
 n - a potion of invisibility {unknown}
Comestibles
 f - 3 bread rations
 g - a beef jerky
 l - 2 fruits
 t - a chunk of flesh


   Skills:
 + Level 4.5 Fighting
 + Level 4.8 Long Blades
 - Level 2.0 Throwing
 + Level 1.4 Armour
 - Level 3.2 Dodging
 + Level 1.9 Invocations


You had 4 spell levels left.
You didn't know any spells.

Dungeon Overview and Level Annotations

Branches:
Dungeon (3/15)

Altars:
Qazlal

Annotations:
D:3 Grinder


Innate Abilities, Weirdness & Mutations

You reflexively headbutt those who attack you in melee.
You have a pair of horns on your head.


Message History

* * * LOW HITPOINT WARNING * * *
Drink which item? (? for menu, Esc to quit)
Okay, then.
You completely miss Grinder. You headbutt Grinder!
Grinder is severely wounded.
You hit Grinder but do no damage. You headbutt Grinder, but do no damage.
Grinder is severely wounded.
Grinder hits you.
* * * LOW HITPOINT WARNING * * *
You slash Grinder!
Grinder is almost dead.
Grinder hits you but does no damage. x2
You barely miss Grinder. You headbutt Grinder.
Grinder is almost dead.
Grinder gestures.
Grinder blinks!
Grinder gestures.
Grinder blinks!
You barely miss the jackal. The jackal bites you.
You die...

##..## ##.# #.#
#.# ### #.# ...
..# #.# #.# ###
### #.5..#####.#
...#
#hhh@..###...##
#...#####.#......#
## #.........
#.######.........
#........##..###.
########.# $.#
#....# .# #.##.# .
#.##.##


You could see Grinder and 3 jackals.

Vanquished Creatures
  Crazy Yiuf (D:2)
  3 adders
  4 gnolls (D:2)
  A worm (D:2)
  4 giant geckos
  An orc (D:3)
  A giant cockroach (D:3)
  7 hobgoblins
  A jackal (D:3)
  5 bats
  5 giant newts
  7 goblins
  7 kobolds
  6 rats
  3 ballistomycetes (D:3)
56 creatures vanquished.

Vanquished Creatures (others)
  A ball python (D:3)
  A giant spore (D:3)
  A goblin (D:3)
3 creatures vanquished.

Grand Total: 59 creatures vanquished

Notes
Turn   | Place    | Note
--------------------------------------------------------------
     0 | D:1      | Fluffy, the Minotaur Gladiator, began the quest for the Orb.
     0 | D:1      | Reached XP level 1. HP: 18/18 MP: 1/1
     2 | D:1      | Noticed a minotaur
     4 | D:1      | Noticed a dwarf
     8 | D:1      | Noticed a draconian
     8 | D:1      | Noticed a tengu
    10 | D:1      | Noticed a centaur
    10 | D:1      | Noticed a troll
    12 | D:1      | Noticed a spriggan
    12 | D:1      | Noticed a merfolk
    14 | D:1      | Noticed an elf
    16 | D:1      | Noticed an ogre
    16 | D:1      | Noticed a vampire
    18 | D:1      | Noticed an octopode
    18 | D:1      | Noticed a naga
    20 | D:1      | Noticed a demigod
    20 | D:1      | Noticed a human
    22 | D:1      | Noticed a felid
    22 | D:1      | Noticed a ghoul
    24 | D:1      | Noticed a demonspawn
    24 | D:1      | Noticed a vine stalker
    26 | D:1      | Noticed a gargoyle
    26 | D:1      | Noticed a formicid
   282 | D:1      | Reached skill level 4 in Long Blades
   282 | D:1      | Reached XP level 2. HP: 25/25 MP: 1/1
   784 | D:2      | Reached XP level 3. HP: 11/33 MP: 2/2
  1081 | D:2      | Found a stormy altar of Qazlal.
  1089 | D:2      | Became a worshipper of Qazlal Stormbringer
  1534 | D:2      | Reached skill level 1 in Invocations
  1537 | D:2      | Reached XP level 4. HP: 36/40 MP: 2/2
  1671 | D:2      | Noticed Crazy Yiuf
  1678 | D:2      | Killed Crazy Yiuf
  1678 | D:2      | Reached skill level 1 in Armour
  1967 | D:3      | Reached XP level 5. HP: 47/47 MP: 3/3
  2089 | D:3      | Acquired Qazlal's first power
  2169 | D:3      | Noticed Grinder
  2178 | D:3      | HP: 1/47 [Grinder (2)]
  2182 | D:3      | Slain by a jackal

Action                   |  1- 3 |  4- 6 || total
-------------------------+-------+-------++-------
Melee: Long sword        |    60 |    61 ||   121
  Eat: Chunk             |     2 |     2 ||     4
